 Dungeon Crawl Stone Soup version 0.28.0-53-g5a82cb258f (webtiles) character file.

Game seed: 9664667216687573322

443 dranuc9 the Conjurer (level 6, 0/32 HPs)
             Began as a Deep Elf Conjurer on June 29, 2022.
             Was an Initiate of Vehumet.
             Slain by a hornet (9 damage)
             ... on level 4 of the Dungeon.
             The game lasted 00:16:37 (3664 turns).

dranuc9 the Conjurer (Deep Elf Conjurer)            Turns: 3664, Time: 00:16:38

Health: 0/32       AC:  4    Str:  4    XL:     6   Next: 71%
Magic:  8/15       EV: 13    Int: 31    God:    Vehumet [......]
Gold:   90         SH:  0    Dex: 13    Spells: 12/15 levels left

rFire   . . .      SeeInvis .   k - +3 dagger (speed)
rCold   . . .      Faith    .   (no shield)
rNeg    . . .      Spirit   .   a - +0 robe
rPois   .          Reflect  .   (no helmet)
rElec   .          Harm     .   (no cloak)
rCorr   .          Rampage  .   j - +0 pair of gloves
Will    .....                   i - +0 pair of boots
Stlth   ++........              (no amulet)
HPRegen 0.10/turn               p - +6 ring of intelligence
MPRegen 0.14/turn               (no ring)

@: slowed, very slow
A: no striking features
a: Renounce Religion


You were on level 4 of the Dungeon.
You worshipped Vehumet.
Vehumet was noncommittal.
You visited 2 branches of the dungeon, and saw 6 of its levels.

You collected 90 gold pieces.

Inventory:

Hand Weapons
 k - a +3 dagger of speed (weapon)
Missiles
 b - 25 arrows
 s - 2 throwing nets
Armour
 a - a +0 robe (worn)
 i - a +0 pair of boots (worn)
 j - a +0 pair of gloves (worn)
Jewellery
 p - a +6 ring of intelligence (left hand)
 t - an amulet of guardian spirit
Scrolls
 c - a scroll of fog {unknown}
 e - a scroll of magic mapping {unknown}
 f - 2 scrolls of noise {unknown}
 g - 4 scrolls of identify {unknown}
 l - 2 scrolls of enchant armour {unknown}
 n - 2 scrolls of enchant weapon {unknown}
 q - a scroll of teleportation {unknown}
 v - a scroll of immolation {unknown}
Potions
 d - a potion of degeneration {unknown}
 h - 2 potions of mutation {unknown}
 m - 2 potions of haste {unknown}
 o - a potion of invisibility {unknown}
 r - 2 potions of might {unknown}
 u - a potion of ambrosia {unknown}


   Skills:
 + Level 3.6 Dodging
 + Level 3.5 Stealth
 + Level 5.0 Spellcasting
 + Level 7.4 Conjurations


You had 12 spell levels left.
You knew the following spells:

 Your Spells              Type           Power      Damage    Failure   Level
a - Magic Dart            Conj           100%       1d8       1%          1
b - Searing Ray           Conj           100%       2d8       1%          2

Your spell library contained the following spells:

 Spells                   Type           Power      Damage    Failure   Level
 Dazzling Flash           Conj/Hex       62%        N/A       3%          3
 Fulminant Prism          Conj/Hex       15%        3d11      12%         4
 Iskenderun's Mystic Bla  Conj/Tloc      31%        2d8       12%         4


Dungeon Overview and Level Annotations

Branches:
Dungeon (5/15)             Temple (1/1) D:5

Altars:
Ashenzari
Cheibriados
Dithmenos
Fedhas
Gozag
Hepliaklqana
Kikubaaqudgha
Makhleb
Nemelex Xobeh
Okawaru
Qazlal
Ru
Sif Muna
Trog
Uskayaw
Vehumet
Yredelemnul
Zin


Message History

Aiming: Magic Dart (safe; 1% risk of failure)
Press: ? - help, Shift-Dir - straight line, f - hornet
Aim: a hornet (asleep, 100% to hit)
The magic dart hits the hornet but does no damage.
The hornet buzzes angrily.
Casting: Magic Dart (safe; 1% risk of failure)
Confirm with . or Enter, or press ? or * to list all spells.
Aiming: Magic Dart (safe; 1% risk of failure)
Press: ? - help, Shift-Dir - straight line, f/p - hornet
Aim: a hornet (100% to hit)
The magic dart hits the hornet.
The hornet is lightly wounded.
Casting: Magic Dart (safe; 1% risk of failure)
Confirm with . or Enter, or press ? or * to list all spells.
Aiming: Magic Dart (safe; 1% risk of failure)
Press: ? - help, Shift-Dir - straight line, f/p - hornet
Aim: a hornet (lightly wounded, 100% to hit)
The magic dart hits the hornet but does no damage.
The hornet is lightly wounded.
Casting: Magic Dart (safe; 1% risk of failure)
Confirm with . or Enter, or press ? or * to list all spells.
Aiming: Searing Ray (safe; 1% risk of failure)
Press: ? - help, Shift-Dir - straight line, f/p - hornet
Aim: a hornet (lightly wounded, 74% to hit)
The searing ray hits the hornet!
The hornet is moderately wounded. (Press . to maintain the ray.)
The searing ray hits the hornet.
The hornet is heavily wounded.
The hornet stings you!
You feel yourself slow down.
The searing ray hits the hornet but does no damage.
The hornet is heavily wounded.
You feel yourself speed up. The hornet misses you. x2
The searing ray misses the hornet.
You finish channelling your searing ray.
The hornet stings you!
* * * LOW HITPOINT WARNING * * *
You feel yourself slow down. The hornet stings you!
You die...

#.# #.# #.# #.#
#)# #+## #.#
#...## #.###
##.....## #...##
##..(....#
##...####.@y......
#..>....'.........
##.....##.........
##.##.###.......#
####.# ##.....##
#.# #...## #(#
#+## #.# #.#


You could see a hornet.

Vanquished Creatures
  2 phantoms (D:5)
  A scorpion (D:3)
  A water moccasin skeleton (D:5)
  A hound (D:3)
  An iguana (D:5)
  A hound zombie (D:5)
  4 gnolls (D:3)
  2 adders (D:2)
  A worm (D:3)
  3 dart slugs
  An orc (D:5)
  6 bats
  6 endoplasms
  3 giant cockroaches
  4 goblins
  2 hobgoblins
  2 kobolds
  3 quokkas
  3 ball pythons (D:2)
  6 frilled lizards
  2 rats
55 creatures vanquished.

Notes
Turn   | Place    | Note
-------+----------+-------------------------------------------
     0 | D:1      | dranuc9 the Deep Elf Conjurer began the quest for the Orb.
     0 | D:1      | Reached XP level 1. HP: 10/10 MP: 6/6
   310 | D:1      | Reached XP level 2. HP: 15/15 MP: 4/8
   363 | D:1      | Learned a level 2 spell: Searing Ray
   673 | D:1      | Reached skill level 5 in Conjurations
  1239 | D:2      | Reached XP level 3. HP: 19/19 MP: 6/9
  2002 | D:3      | Reached XP level 4. HP: 24/24 MP: 3/11
  2092 | D:3      | Noticed a scorpion
  2100 | D:3      | Reached skill level 6 in Conjurations
  2283 | D:3      | Killed a scorpion
  2284 | D:3      | Reached XP level 5. HP: 28/28 MP: 3/13
  2685 | D:3      | You fall into a shaft and drop 2 floors!
  2685 | D:5      | Entered Level 5 of the Dungeon
  2685 | D:5      | Noticed a phantom
  2698 | D:5      | Killed a phantom
  2699 | D:5      | Reached skill level 7 in Conjurations
  2699 | D:5      | Reached XP level 6. HP: 22/32 MP: 1/15
  2737 | D:5      | Found a staircase to the Ecumenical Temple.
  2750 | D:5      | Reached skill level 5 in Spellcasting
  2821 | Temple   | Entered the Ecumenical Temple
  3156 | Temple   | Became a worshipper of Vehumet
  3657 | D:4      | Noticed a hornet
  3664 | D:4      | Slain by a hornet

Illustrated notes

Levels and vault maps discovered:
D:1:      noname_arrival_rooms_in_the_neighbourhood, layout_loops_corners
D:2:      layout_basic, grunt_ministairs_7, grunt_decor_junction,
          grunt_decor_resistance, interstate_on_off, kennysheep_cluttered_room
D:3:      layout_loops_cross, serial_glass, glass_columns_c, glass_columns_a,
          item_on_display_a, minmay_misc_feat_encased, minmay_crystal_room
D:4:      layout_loops_corners, mainiacjoe_overflow_alcove_2
D:5:      layout_gridville, minmay_temple_entry_hall
Temple:   mainiacjoe_temple_trianglar_array

Skill      XL: |  1  2  3  4  5  6 |
---------------+-------------------+-----
Conjurations   | 5 6 7 |  7.4
Stealth        | 3 |  3.5
Spellcasting   | 4 5 |  5.0
Dodging        | 3 |  3.6

Action                   |  1- 3 |  4- 6 || total
-------------------------+-------+-------++-------
 Cast: Magic Dart        |    57 |    36 ||    93
       Searing Ray       |     1 |    16 ||    17
Armor: Robe              |     3 |     2 ||     5
Dodge: Dodged            |       |     7 ||     7
